 Dungeon Crawl Stone Soup version 0.18-a0-1027-g814d7dd (webtiles) character file.

309 M4edhros the Sneak (level 6, -5/38 HPs)
             Began as an Octopode Artificer on Jan 7, 2016.
             Killed from afar by an orc wizard (10 damage)
             ... with a puff of flame
             ... on level 3 of the Dungeon.
             The game lasted 00:05:11 (2456 turns).

M4edhros the Sneak (Octopode Artificer)             Turns: 2456, Time: 00:05:12

Health: -5/38      AC:  1    Str: 10    XL:     6   Next: 41%
Magic:  9/9        EV: 11    Int: 17    God:
Gold:   155        SH:  9    Dex: 12    Spells: 0 memorised, 5 levels left

rFire  . . .     SeeInvis .     a - +0 short sword
rCold  . . .     Gourm    .     g - +2 shield
rNeg   . . .     Faith    .     (helmet restricted)
rPois  .         Spirit   .     (no amulet)
rElec  .         Dismiss  .     (no ring)
rCorr  .         Reflect  .     (no ring)
SustAt .         Harm     .     (no ring)
MR     .....                    (no ring)
Stlth  ++++......               (no ring)
                                (no ring)
                                (no ring)
                                (no ring)

@: lethally poisoned (-5 -> -22), not resistant to hostile enchantments,
stealthy
A: almost no armour, amphibious, 8 rings, constrict 8, camouflage 1, gelatinous
body 1
a: no special abilities


You were on level 3 of the Dungeon.
You were hungry.

You visited 1 branch of the dungeon, and saw 4 of its levels.

You collected 155 gold pieces.

Inventory:

Hand Weapons
 a - a +0 short sword (weapon)
 q - a cursed -1 hunting sling
Missiles
 i - 26 stones (quivered)
Armour
 g - a +2 shield (worn)
Wands
 b - a wand of flame (11/48)
 c - a wand of enslavement (13/24)
 d - a wand of random effects (7/48)
 j - a wand of flame (34/48)
Scrolls
 e - 2 scrolls of remove curse
 h - a scroll of noise
 k - a scroll of teleportation
 n - 2 scrolls of identify
Potions
 l - a potion of cure mutation
 m - a potion of curing
 p - a potion of invisibility {unknown}
Comestibles
 f - a bread ration
 o - a slice of pizza


   Skills:
 - Level 1.0 Fighting
 - Level 1.0 Short Blades
 * Level 4.0 Dodging
 * Level 5.5 Stealth
 + Level 2.0 Shields
 + Level 4.2 Evocations


You had 5 spell levels left.
You didn't know any spells.

Dungeon Overview and Level Annotations

Branches:
Dungeon (4/15)
 Temple: D:4-7

Altars:


Innate Abilities, Weirdness & Mutations

You cannot wear most types of armour.
You are amphibious.
You can wear up to eight rings at the same time.
You can use your tentacles to constrict eight enemies at once.
Your skin changes colour to match your surroundings (Stealth).
Your rubbery body absorbs attacks (AC +1).


Message History

* * * LOW HITPOINT WARNING * * *
You block the adder's attack.
You closely miss the adder. You grab the adder. You squeeze the adder.
The adder is heavily wounded.
You constrict the adder.
* * * LOW HITPOINT WARNING * * *
You feel sick. The adder bites you.
* * * LOW HITPOINT WARNING * * *
You are more poisoned.
The adder poisons you!
You hit the adder.
The adder is almost dead.
You constrict the adder.
You kill the adder!
* * * LOW HITPOINT WARNING * * *
You feel sick.
You hear some strange, mumbled words.
A puff of flame appears from out of thin air!
The puff of flame hits you!
You die...

##########
#........#
##........##
#...).......
#.........##
#.........#
#o..........
#.#######...
#@# .. #.# .
#.# #######
#.# ....r.$
#.# .......
##.##.......
##
#.>.........
.
#...#.......
#....#......#
#####


You could see an orc.

Vanquished Creatures
  An ogre (D:4)
  A giant frog skeleton (D:4)
  A hound (D:4)
  A centaur skeleton (D:4)
  2 worker ants (D:4)
  4 adders
  4 orcs
  9 bats
  4 giant cockroaches
  3 goblins (D:1)
  2 hobgoblins
  4 kobolds
  6 giant newts (D:1)
  5 rats
47 creatures vanquished.

Vanquished Creatures (collateral kills)
  An orc wizard (D:4)
  2 orcs (D:4)
3 creatures vanquished.

Grand Total: 50 creatures vanquished

Notes
Turn   | Place    | Note
--------------------------------------------------------------
     0 | D:1      | M4edhros the Octopode Artificer began the quest for the Orb.
     0 | D:1      | Reached XP level 1. HP: 13/13 MP: 3/3
   204 | D:1      | Reached XP level 2. HP: 6/18 MP: 4/4
   888 | D:1      | Reached XP level 3. HP: 23/23 MP: 5/5
  1446 | D:4      | Noticed an ogre
  1456 | D:4      | Killed an ogre
  1456 | D:4      | Reached skill level 4 in Stealth
  1456 | D:4      | Reached skill level 1 in Shields
  1456 | D:4      | Reached XP level 4. HP: 28/28 MP: 6/6
  1475 | D:4      | Reached XP level 5. HP: 18/33 MP: 7/7
  1991 | D:4      | Reached XP level 6. HP: 21/38 MP: 9/9
  2002 | D:4      | Reached skill level 5 in Stealth
  2367 | D:4      | Noticed a phantom
  2386 | D:4      | Noticed a sky beast
  2456 | D:3      | Killed from afar by an orc wizard

Vault maps used:
D:1:      tarquinn_simple_flora_water_b, kennysheep_decorative_pillar
D:2:      grunt_pakellas_basics, uniq_terence
D:4:      hangedman_abyss_or_decor_passed

Action                   |  1- 3 |  4- 6 || total
-------------------------+-------+-------++-------
Melee: Short sword       |    54 |    58 ||   112
Evoke: Wand              |     6 |     8 ||    14
  Use: Potion            |       |     1 ||     1
       Scroll            |       |     4 ||     4
 Stab: Sleeping          |    11 |     2 ||    13
  Eat: Chunk             |       |     2 ||     2
       Royal jelly       |       |     1 ||     1
